 Dungeon Crawl Stone Soup version 0.29.0-13-gc9e81de378 (webtiles) character file.

Game seed: 2562659564742577941

162 Ofeo the Conjurer (level 6, -11/45 HPs)
             Began as a Meteoran Conjurer on Sept 9, 2022.
             Mangled by a gnoll sergeant
             ... wielding a +0 trident
              (12 damage)
             ... on level 4 of the Dungeon.
             The game lasted 00:03:39 (388 turns).

Ofeo the Conjurer (Meteoran Conjurer)                Turns: 388, Time: 00:03:39

Health: -11/45     AC:  2    Str:  8    XL:     6   Next: 2%
Magic:  8/13       EV: 13    Int: 21    God:
Gold:   20         SH:  0    Dex: 14    Spells: 10/13 levels left

rFire   + . .      SeeInvis .   j - +3 dagger
rCold   + . .      Faith    .   (no shield)
rNeg    . . .      Spirit   .   a - +0 robe
rPois   +          Reflect  .   (no helmet)
rElec   +          Harm     .   (no cloak)
rCorr   +          Rampage  .   (no gloves)
Will    .....                   (no boots)
Stlth   +.........              (no amulet)
HPRegen 0.15/turn               b - +4 ring of slaying
MPRegen 0.13/turn               (no ring)

@: resistant, attractive, glowing
A: sense surroundings 1, otherworldly, glowing, explore regen
a: no special abilities


You were on level 4 of the Dungeon.
You visited 1 branch of the dungeon, and saw 5 of its levels.

You collected 20 gold pieces.

Inventory:

Hand Weapons
 j - a +3 dagger (weapon)
Armour
 a - a +0 robe (worn)
Jewellery
 b - a +4 ring of slaying (left hand)
Scrolls
 c - a scroll of torment
 e - a scroll of fear
 h - a scroll of vulnerability {unknown}
 i - 2 scrolls of identify {@r1}
Potions
 d - a potion of resistance {@q6}


   Skills:
 + Level 3.8 Dodging
 + Level 2.4 Stealth
 + Level 4.1 Spellcasting
 + Level 5.7 Conjurations


You had 10 spell levels left.
You knew the following spells:

 Your Spells              Type           Power      Damage    Failure   Level
a - Magic Dart            Conj           100%       1d8       1%          1
b - Searing Ray           Conj           56%        2d6       1%          2

Your spell library contained the following spells:

 Spells                   Type           Power      Damage    Failure   Level
 Dazzling Flash           Conj/Hex       32%        N/A       11%         3
 Fulminant Prism          Conj/Hex       8%         3d7       36%         4
 Iskenderun's Mystic Bla  Conj/Tloc      16%        2d5       36%         4


Dungeon Overview and Level Annotations

Branches:
Dungeon (5/15) Zot: 2611
 Temple: D:4-7

Altars:

Shops:
D:4 =


Innate Abilities, Weirdness & Mutations

You passively map a small area around you.
You are easily found by Zot.
You glow in the dark.
You regain HP and MP as you explore.


Message History

You now have 9/12 mp.
The searing ray hits the gnoll!
You kill the gnoll!
The searing ray hits the gnoll sergeant but does no damage.
The gnoll sergeant misses you.
You have reached level 6!
You feel agile.
You regained 7 hp, and now have 42/45 hp.
You now have 8/13 mp.
The searing ray misses the gnoll sergeant.
The searing ray hits the gnoll.
The gnoll is moderately wounded.
You finish channelling your searing ray.
The gnoll sergeant barely misses you.
You aren't carrying any items that you can evoke.
It was a potion of resistance.
You feel protected. The gnoll sergeant misses you.
It was a potion of attraction.
You feel attractive to monsters. The gnoll sergeant closely misses you.
The gnoll sergeant is attracted toward you.
The gnoll is attracted toward you. x2
You hit the gnoll sergeant but do no damage.
The gnoll closely misses you.
The gnoll sergeant hits you with a +0 trident!
You take 14 damage, and have 28/45 hp.
MASSIVE DAMAGE!!
You hit the gnoll sergeant.
The gnoll sergeant is lightly wounded.
The gnoll hits you from afar with a +0 halberd!
* * * LOW HITPOINT WARNING * * *
The gnoll sergeant misses you.
You take 15 damage, and have 13/45 hp.
MASSIVE DAMAGE!!
The gnoll sergeant attacks as you move away!
The gnoll sergeant hits you with a +0 trident!
* * * LOW HITPOINT WARNING * * *
The gnoll sergeant hits you from afar with a +0 trident!
You die...

#.###....# #......# **
#g..## * , .# #.#..# *
* ..# * , ##.##.# #...
#g.##.## ##...
#####g###..###....#
#.....##.......# # #.
#.....####@...###.#...
#....§ggg.............
,
#.....#######..##.#.#
#...(.# ##......#
######### #.#..#### *
#......# ##........
#......# ###.........,
#......###...#.......
#..........###.......


You could see a gnoll sergeant and 2 gnolls.

Vanquished Creatures
  An ogre (D:5)
  An orc wizard (D:3)
  2 adders (D:2)
  A gnoll (D:4)
  A worm (D:2)
  A dart slug (D:2)
  2 orcs (D:3)
  2 endoplasms
  A giant cockroach (D:1)
  A goblin (D:3)
  3 hobgoblins
  2 ball pythons (D:4)
  4 frilled lizards
  A kobold (D:1)
23 creatures vanquished.

Notes
Turn   | Place    | Note
-------+----------+-------------------------------------------
     0 | D:1      | Ofeo the Meteoran Conjurer began the quest for the Orb.
     0 | D:1      | Reached XP level 1. HP: 14/14 MP: 5/5
    57 | D:2      | Reached XP level 2. HP: 6/20 MP: 4/6
    65 | D:2      | Learned a level 2 spell: Searing Ray
    91 | D:2      | Reached skill level 5 in Conjurations
   132 | D:2      | HP: 1/20 [poisoned by an adder]
   136 | D:2      | Reached XP level 3. HP: 3/26 MP: 0/8
   299 | D:3      | Reached XP level 4. HP: 33/33 MP: 3/10
   306 | D:4      | Found Finiup's Jewellery Boutique.
   310 | D:5      | Entered Level 5 of the Dungeon
   310 | D:5      | Noticed an ogre
   330 | D:5      | Killed an ogre
   331 | D:5      | Reached XP level 5. HP: 16/38 MP: 5/12
   368 | D:4      | Noticed a gnoll sergeant
   383 | D:4      | Reached XP level 6. HP: 42/45 MP: 8/13
   388 | D:4      | HP: 1/45 [gnoll sergeant/+0 trident (12)]
   388 | D:4      | Mangled by a gnoll sergeant

Illustrated notes

Levels and vault maps discovered:
D:1:      minmay_arrival_shattered_statue, layout_basic
D:2:      layout_basic, shapermc_ecumenical_altar_starsandcircs,
          serial_bayou_pond_c, eino_tiny_chamber, kennysheep_generic_room_12
D:3:      layout_basic
D:4:      cheibrodos_old_hovel, layout_rooms, serial_shops, nicolae_shop_stone,
          shop_statue, shop, shop, nicolae_diamond_shop, uniq_eustachio
D:5:      layout_rooms, grunt_temple_overflow_order_and_chaos_1,
          grunt_qazlal_sundering, lightli_sewer_entry_pipes, dk_vineyard_1

Skill      XL: |  1  2  3  4 |
---------------+-------------+-----
Spellcasting   | 3 4 |  4.1
Conjurations   | 5 |  5.7
Dodging        | 3 |  3.8
Stealth        | 2 |  2.4

Action                   |  1- 3 |  4- 6 || total
-------------------------+-------+-------++-------
Melee: Unarmed           |    11 |       ||    11
       Dagger            |       |     2 ||     2
 Cast: Magic Dart        |    38 |     2 ||    40
       Searing Ray       |     1 |     2 ||     3
  Use: Potion            |     1 |     2 ||     3
       Scroll            |       |     3 ||     3
Armor: Robe              |     2 |       ||     2
Dodge: Dodged            |    14 |     7 ||    21
